 Dungeon Crawl Stone Soup version 0.29.1-1-gd02db6906a (webtiles) character file.

Game seed: 10644345533189425359

276 vvl the Stinger (level 6, -3/48 HPs)
             Began as a Draconian Venom Mage on Oct 14, 2022.
             Killed from afar by an orc wizard (9 damage)
             ... with a puff of flame
             ... on level 4 of the Dungeon.
             The game lasted 00:06:30 (3718 turns).

vvl the Stinger (Draconian Venom Mage)              Turns: 3718, Time: 00:06:32

Health: -3/48      AC:  7    Str: 11    XL:     6   Next: 4%
Magic:  18/18      EV: 12    Int: 17    God:
Gold:   126        SH:  0    Dex: 11    Spells: 9/10 levels left

rFire   . . .      SeeInvis .   s - +1 short sword (vamp)
rCold   . . .      Faith    .   x - orb {mayhem}
rNeg    . . .      Spirit   .   (body armour unavailable)
rPois   .          Reflect  .   (helmet restricted)
rElec   .          Harm     .   (no cloak)
rCorr   .          Rampage  .   c - +0 pair of gloves
Will    .....                   (no boots)
Stlth   ++........              (no amulet)
HPRegen 0.16/turn               u - ring of magical power
MPRegen 0.16/turn               (no ring)

@: mighty
A: AC +6, unfitting armour, cold-blooded
a: no special abilities


You were on level 4 of the Dungeon.
You visited 1 branch of the dungeon, and saw 4 of its levels.

You collected 126 gold pieces.

Inventory:

Hand Weapons
 s - a +1 vampiric short sword (weapon)
Armour
 c - a +0 pair of gloves (worn)
 x - an orb of mayhem (worn)
Jewellery
 u - a ring of magical power (left hand)
Wands
 q - a wand of digging (3)
 t - a wand of charming (13)
 v - a wand of roots (1)
Scrolls
 b - a scroll of summoning {unknown}
 d - a scroll of enchant armour {unknown}
 f - a scroll of poison {unknown}
 i - 3 scrolls of identify {unknown}
 k - 2 scrolls of amnesia {unknown}
 l - a scroll of fear {unknown}
 n - a scroll of teleportation {unknown}
 p - a scroll of immolation {unknown}
 w - a scroll of blinking {unknown}
 y - a scroll of magic mapping {unknown}
Potions
 a - a potion of magic
 e - a potion of heal wounds {unknown}
 g - a potion of resistance {unknown}
 h - a potion of haste {unknown}
 j - a potion of ambrosia {unknown}
 m - 2 potions of might
 o - 2 potions of lignification {unknown}
 r - a potion of brilliance {unknown}


   Skills:
 + Level 1.7 Fighting
 + Level 2.6 Dodging
 - Level 2.0 Stealth
 + Level 2.6 Spellcasting
 + Level 1.4 Necromancy
 + Level 2.2 Transmutations
 + Level 1.8 Earth Magic
 * Level 4.3 Poison Magic


You had 9 spell levels left.
You knew the following spells:

 Your Spells              Type           Power      Damage    Failure   Level
a - Sting                 Tmut/Pois      52%        1d5       4%          1

Your spell library contained the following spells:

 Spells                   Type           Power      Damage    Failure   Level
 Poisonous Vapours        Pois/Air       18%        N/A       11%         2
 Mephitic Cloud           Conj/Pois/Air  7%         N/A       30%         3
 Olgreb's Toxic Radiance  Pois           17%        N/A       30%         4
 Confusing Touch          Hex            2%         N/A       50%         3
 Ozocubu's Armour         Ice            2%         N/A       50%         3
 Ice Form                 Ice/Tmut       6%         N/A       75%         4
 Hailstorm                Conj/Ice       2%         3d3       88%         4
 Yara's Violent Unravell  Hex/Tmut       3%         3d4       97%         5
 Metabolic Englaciation   Hex/Ice        1%         N/A       99%         5
 Simulacrum               Ice/Necr       2%         N/A       100%        6
 Enfeeble                 Hex            1%         N/A       100%        7


Dungeon Overview and Level Annotations

Branches:
Dungeon (4/15)
 Temple: D:4-7

Altars:
Okawaru


Innate Abilities, Weirdness & Mutations

Your plain brown scales are hard. (AC +6)
You cannot fit into any form of body armour.
You are cold-blooded and may be slowed by cold attacks.


Message History

Something tries to affect you, but you resist.
Something hits you but does no damage.
You hit the orc.
The orc is heavily wounded.
You hear some strange, mumbled words.
Something tries to affect you, but you resist.
The orc hits you with a +0 flail.
You hear some strange, mumbled words.
A magic dart appears from out of thin air!
The magic dart hits you.
You hit the orc.
You kill the orc!
Something hits you. Something completely misses you.
You miss something. Something hits you. x2
You closely miss something.
Your tail-slap misses something.
Something hits you but does no damage. x2
You completely miss something. Something hits you.
Something hits you but does no damage.
You hit something but do no damage.
Your tail-slap misses something.
Something hits you. x2
You hit something.
Something hits you but does no damage. x2
You miss something. Something hits you. x2
* * * LOW HITPOINT WARNING * * *
Unknown command.
You barely miss something.
Something hits you but does no damage. x2
You hit something but do no damage. Something hits you.
* * * LOW HITPOINT WARNING * * *
Something hits you.
* * * LOW HITPOINT WARNING * * *
Something hits you.
* * * LOW HITPOINT WARNING * * *
Something barely misses you.
It was a potion of might.
You feel very mighty all of a sudden. Something hits you.
* * * LOW HITPOINT WARNING * * *
You hear some strange, mumbled words.
A puff of flame appears from out of thin air!
The puff of flame hits you!
You die...

.# # .#.# #.#.##
.....#. ..#.... #
####.....[.
..#.#.#{{........
......)@).#......
#.#.#.###........
# #..........
#o###.#..>. ...
<# .$? #.. .# ..
#.# # . #. #


There were no monsters in sight!

Vanquished Creatures
  Sigmund (D:3)
  An orc priest (D:4)
  Terence (D:3)
  An adder (D:3)
  2 dart slugs
  4 orcs
  3 ball pythons
  3 endoplasms
  4 goblins
  4 hobgoblins
  3 jackals (D:1)
  3 quokkas
  6 bats
  2 frilled lizards
  8 kobolds
  4 rats
50 creatures vanquished.

Notes
Turn   | Place    | Note
-------+----------+-------------------------------------------
     0 | D:1      | vvl the Draconian Venom Mage began the quest for the Orb.
     0 | D:1      | Reached XP level 1. HP: 14/14 MP: 3/3
   441 | D:1      | Reached XP level 2. HP: 15/20 MP: 1/5
  1778 | D:2      | Found a faded altar of an unknown god.
  1918 | D:3      | Reached XP level 3. HP: 27/27 MP: 3/6
  1983 | D:3      | Noticed Terence
  1997 | D:3      | Killed Terence
  2164 | D:3      | Reached skill level 1 in Fighting
  2164 | D:3      | Reached skill level 1 in Earth Magic
  2285 | D:3      | Reached XP level 4. HP: 35/35 MP: 4/7
  2436 | D:3      | Noticed Sigmund
  3038 | D:3      | Killed Sigmund
  3039 | D:3      | Reached skill level 1 in Necromancy
  3039 | D:3      | Reached skill level 4 in Poison Magic
  3039 | D:3      | Reached XP level 5. HP: 24/41 MP: 8/8
  3447 | D:3      | Found an iron altar of Okawaru.
  3705 | D:4      | Reached XP level 6. HP: 44/48 MP: 9/9
  3718 | D:4      | Killed from afar by an orc wizard

Illustrated notes

Levels and vault maps discovered:
D:1:      minmay_arrival_four_houses, layout_basic
D:2:      layout_basic, shapermc_ecumenical_altar_hornbeckon
D:3:      minmay_angry_zag, layout_basic, overflow_temple_1_default,
          serial_aquarium, aquarium_bridge_square [aquarium_subvault_bridge,
          aquarium_subvault_bridge, aquarium_subvault_bridge,
          aquarium_subvault_wall], aquarium_window_fake, aquarium_window_1,
          aquarium_window_2, aquarium_window_2, aquarium_view_2b,
          aquarium_view_2d, aquarium_pool_split, minmay_cut_off, uniq_sigmund,
          uniq_terence
D:4:      layout_basic

Skill      XL: |  1  2  3  4 |
---------------+-------------+-----
Dodging        | 2 |  2.6
Stealth        | 2 |  2.0
Fighting       | 1 |  1.7
Earth Magic    | 1 |  1.8
Necromancy     | 1 |  1.4
Transmutations | 2 |  2.2
Poison Magic   | 4 |  4.3
Spellcasting   | |  2.6

Action                   |  1- 3 |  4- 6 || total
-------------------------+-------+-------++-------
Melee: Unarmed           |    21 |       ||    21
       Tailslap          |     6 |     4 ||    10
       Punch             |     1 |       ||     1
       Short sword       |    14 |    65 ||    79
 Cast: Sting             |    59 |     5 ||    64
  Use: Potion            |       |     1 ||     1
 Stab: Sleeping          |       |     2 ||     2
Armor: Skin              |    22 |    35 ||    57
Dodge: Dodged            |    46 |    41 ||    87
